 Dungeon Crawl Stone Soup version 0.17-a0-2118-g63bad21 (webtiles) character file.

1129 Duffy the Chopper (level 8, -2/57 HPs)
             Began as a Hill Orc Fire Elementalist on Oct 20, 2015.
             Was a Believer of Cheibriados.
             Slain by 4thArraOfDagon's ghost (4 damage)
             ... on level 6 of the Dungeon.
             The game lasted 00:10:32 (8685 turns).

Duffy the Chopper (Hill Orc Fire Elementalist)      Turns: 8685, Time: 00:10:32

Health: -2/57      AC: 16    Str: 16    XL:     8   Next: 35%
Magic:  12/12      EV: 12    Int: 22    God:    Cheibriados [**....]
Gold:   265        SH:  0    Dex: 18    Spells: 3 memorised, 5 levels left

rFire  . . .     SeeInvis .     J - +0 hand axe
rCold  . . .     Clarity  .     H - +6 chain mail of Intercession {+Fly}
rNeg   . . .     SustAt   .     (no shield)
rPois  .         Gourm    .     E - +0 helmet
rElec  .         Spirit   .     (no cloak)
rCorr  .         Warding  .     e - +0 pair of gloves
rMut   +         Stasis   .     (no boots)
MR     .....                    u - amulet of resist mutation
Stlth  ..........               G - ring "Bisic" {EV+5 Int+2}
                                (no ring)

@: very slow, not resistant to hostile enchantments, extremely unstealthy
A: no striking features
a: Bend Time, Renounce Religion, Evoke Flight


You were on level 6 of the Dungeon.
You worshipped Cheibriados.
Cheibriados was pleased with you.
You were not hungry.

You visited 2 branches of the dungeon, and saw 7 of its levels.
You also visited: Sewer.

You collected 265 gold pieces.


   Skills:
 + Level 6.8 Axes
 - Level 1.5 Dodging
 - Level 1.5 Stealth
 - Level 3.0 Spellcasting
 - Level 5.6 Conjurations
 - Level 5.8 Fire Magic


You had 5 spell levels left.
You knew the following spells:

 Your Spells              Type           Power        Failure   Level  Hunger
a - Flame Tongue          Conj/Fire      ####.        30%         1    None
c - Conjure Flame         Conj/Fire      ####....     85%         3    ###....
s - Sticky Flame          Conj/Fire      ####....     100%        4    ####...

Inventory:

Hand Weapons
 J - a +0 hand axe (weapon)
Missiles
 g - 117 stones (quivered)
 m - 17 arrows
 s - 41 poisoned needles
 y - 8 tomahawks
Armour
 e - a +0 pair of gloves (worn)
 C - a +1 leather armour of fire resistance
 E - a +0 helmet (worn)
 H - the +6 chain mail of Intercession (worn) {+Fly}

   It lets you fly.
Jewellery
 u - an amulet of resist mutation (around neck)
 x - an uncursed ring of stealth
 G - the ring "Bisic" (right hand) {EV+5 Int+2}

   [ring of evasion]

   It affects your evasion (+5).
   It affects your intelligence (+2).
Wands
 A - a wand of magic darts (32)
Scrolls
 d - a scroll of enchant armour {unknown}
 h - 2 scrolls of blinking {unknown}
 l - 2 scrolls of teleportation {unknown}
 n - 2 scrolls of magic mapping {unknown}
 p - 2 scrolls of remove curse
 r - a scroll of random uselessness {unknown}
 B - 4 scrolls of fear {unknown}
 D - 4 scrolls of fog
 I - a scroll of enchant weapon {unknown}
 M - 5 scrolls of recharging {unknown}
Potions
 a - a potion of invisibility
 f - a potion of agility
 k - a potion of ambrosia
 o - a potion of brilliance
 q - 4 potions of curing
 t - 2 potions of degeneration {unknown}
 v - 2 potions of might {unknown}
 F - 2 potions of haste {unknown}
 L - 3 potions of magic {unknown}
Books
 b - a book of Flames
 j - a Fen Folio
Comestibles
 c - 5 bread rations
 i - 4 meat rations
 w - 5 fruits
 z - a beef jerky

Dungeon Overview and Level Annotations

Branches:
Dungeon (6/15)             Temple (1/1) D:5

Altars:
Ashenzari
Cheibriados
Dithmenos
Elyvilon
Fedhas
Makhleb
Nemelex Xobeh
Qazlal
Ru
Sif Muna
Trog
Vehumet
Xom
Yredelemnul
Zin
The Shining One

Annotations:
D:6 4thArraOfDagon's ghost, amateur NaMo


Message History

4thArraOfDagon's ghost closely misses you.
You hit 4thArraOfDagon's ghost but do no damage. 4thArraOfDagon's ghost is lightly damaged. 4thArraOfDagon's ghost hits you.
You are too injured to fight recklessly!
You are too injured to fight recklessly!
You are too injured to fight recklessly!
You are too injured to fight recklessly!
You are too injured to fight recklessly!
You are too injured to fight recklessly!
You are too injured to fight recklessly!
You are too injured to fight recklessly!
You are too injured to fight recklessly!
You hit 4thArraOfDagon's ghost. 4thArraOfDagon's ghost is lightly damaged. 4thArraOfDagon's ghost hits you!
You hit 4thArraOfDagon's ghost but do no damage. 4thArraOfDagon's ghost is lightly damaged. 4thArraOfDagon's ghost hits you!
Your chain mail of Intercession prevents you from hitting 4thArraOfDagon's ghost. 4thArraOfDagon's ghost is lightly damaged. 4thArraOfDagon's ghost misses you.
You hit 4thArraOfDagon's ghost but do no damage. 4thArraOfDagon's ghost is lightly damaged. 4thArraOfDagon's ghost hits you!
You hit 4thArraOfDagon's ghost. 4thArraOfDagon's ghost is lightly damaged. 4thArraOfDagon's ghost misses you.
You hit 4thArraOfDagon's ghost. 4thArraOfDagon's ghost is lightly damaged. 4thArraOfDagon's ghost closely misses you.
You hit 4thArraOfDagon's ghost. 4thArraOfDagon's ghost is moderately damaged. 4thArraOfDagon's ghost hits you.
You die...

# ..... . ....
.##... ....#
#?..# #...#
#.W.# #.@.#
#####
######...##.....
#.......†...[.##
................
#...............
######..$##.##..
#...# ... #...#
##.. #...# .


You could see 4thArraOfDagon's ghost.

Action                   |  1- 3 |  4- 6 |  7- 9 || total
-------------------------+-------+-------+-------++-------
Melee: Hand axe          |       |       |   455 ||   455
Throw: Stone             |       |     1 |       ||     1
 Cast: Flame Tongue      |    70 |   113 |    26 ||   209
       Conjure Flame     |       |     4 |       ||     4
  Use: Potion            |       |     2 |     3 ||     5
       Scroll            |       |       |     4 ||     4
  Eat: Chunk             |     6 |    10 |    11 ||    27

Notes
Turn   | Place    | Note
--------------------------------------------------------------
     0 | D:1      | Duffy the Hill Orc Fire Elementalist began the quest for the Orb.
     0 | D:1      | Reached XP level 1. HP: 14/14 MP: 3/3
   370 | D:1      | Reached skill level 2 in Conjurations
   370 | D:1      | Reached XP level 2. HP: 20/20 MP: 0/4
  1260 | D:1      | Reached XP level 3. HP: 22/26 MP: 2/5
  1311 | D:1      | Reached skill level 3 in Conjurations
  1469 | D:2      | Learned a level 3 spell: Conjure Flame
  1542 | D:2      | Found a deep blue altar of Sif Muna.
  1542 | D:2      | Found a white marble altar of Elyvilon.
  1542 | D:2      | Found a shattered altar of Ashenzari.
  1542 | D:2      | Found a shadowy altar of Dithmenos.
  1543 | D:2      | Found a glowing silver altar of Zin.
  1543 | D:2      | Found a glowing golden altar of the Shining One.
  2032 | D:2      | Found a basalt altar of Yredelemnul.
  2295 | D:3      | Found a radiant altar of Vehumet.
  2353 | D:3      | Noticed Duffy's ghost (weakling HOFE)
  2684 | D:2      | Reached XP level 4. HP: 33/33 MP: 3/6
  2776 | D:3      | Found a faded altar to an unknown god.
  2936 | D:3      | Reached skill level 2 in Spellcasting
  3678 | D:4      | Reached XP level 5. HP: 35/38 MP: 3/9
  3726 | D:4      | Reached skill level 3 in Spellcasting
  4004 | D:4      | Learned a level 4 spell: Sticky Flame
  4370 | D:4      | Reached skill level 4 in Conjurations
  4370 | D:4      | Reached skill level 4 in Fire Magic
  4370 | D:4      | Reached XP level 6. HP: 45/45 MP: 0/10
  4580 | D:4      | Got a bound tin ring
  4648 | D:4      | Identified the ring "Bisic" {EV+5 Int+2} (You found it on level 4 of the Dungeon)
  4813 | D:5      | Entered Level 5 of the Dungeon
  4847 | D:5      | Noticed 4thArraOfDagon's ghost (novice NaFi)
  5207 | D:5      | Killed 4thArraOfDagon's ghost
  5207 | D:5      | Reached skill level 5 in Conjurations
  5207 | D:5      | Reached skill level 5 in Fire Magic
  5207 | D:5      | Reached XP level 7. HP: 30/50 MP: 1/11
  5453 | D:5      | Got a translucent chain mail
  5619 | D:5      | Identified the +6 chain mail of Intercession {+Fly} (You found it on level 5 of the Dungeon)
  5838 | D:5      | Reached skill level 1 in Axes
  6099 | D:5      | Reached skill level 2 in Axes
  6493 | D:3      | Reached skill level 3 in Axes
  6937 | D:3      | Killed Duffy's ghost
  7184 | D:5      | Found a staircase to the Ecumenical Temple.
  7194 | Temple   | Entered the Ecumenical Temple
  7523 | Temple   | Became a worshipper of Cheibriados the Contemplative
  7614 | D:6      | Found a glowing drain.
  7645 | D:6      | Reached skill level 4 in Axes
  7671 | Sewer    | Entered a sewer
  7702 | Sewer    | Reached XP level 8. HP: 52/57 MP: 12/12
  7780 | Sewer    | Reached * piety under Cheibriados
  8046 | Sewer    | Reached skill level 5 in Axes
  8055 | Sewer    | Reached ** piety under Cheibriados
  8399 | Sewer    | Reached skill level 6 in Axes
  8671 | D:6      | Noticed 4thArraOfDagon's ghost (amateur NaMo)
  8685 | D:6      | Slain by 4thArraOfDagon's ghost

Vault maps used:
D:1:      dpeg_arrival_pits, feat_on_display
D:2:      lemuel_coloured_pillars_altar, grunt_temple_overflow_open
D:3:      vehumet_altar_wand_db, first_bread, ecumenical_altar_1, minivault_19,
          kennysheep_generic_room_7
D:4:      kennysheep_generic_room_15
D:5:      minmay_temple_entry_overgrown, hex_tiny
D:6:      gup_sewer_entry_glass, minmay_unpleasant_kobolds
Temple:   hc_temple_tempest_star
Sewer:    sewer_minmay_w

Vanquished Creatures
  The ghost of 4thArraOfDagon the Cleaver, a novice NaFi
  2 giant frogs
  A scorpion
  The ghost of Duffy the Firebug, a weakling HOFE
  2 orc priests
  4 iguanas
  2 worker ants
  4 gnolls
  5 river rats
  13 adders
  2 shadow imps
  An ooze
  2 adder skeletons
  6 giant geckos
  13 orcs
  15 ball pythons
  8 bats
  8 giant cockroaches
  5 hobgoblins
  9 jackals
  3 kobolds
  A quokka
  A ball python skeleton
  5 giant newts
  7 goblins
  A jackal skeleton
  32 rats
154 creatures vanquished.
